 Dungeon Crawl Stone Soup version 0.20-a0-1018-ge435b50 (webtiles) character file.

149 w00t the Conjurer (level 5, -6/31 HPs)
             Began as an Octopode Conjurer on Apr 17, 2017.
             Mangled by a gnoll
             ... wielding a +0 whip
              (9 damage)
             ... on level 1 of the Dungeon.
             The game lasted 00:02:12 (2800 turns).

w00t the Conjurer (Octopode Conjurer)               Turns: 2800, Time: 00:02:13

Health: -6/31      AC:  1    Str:  7    XL:     5   Next: 31%
Magic:  5/8        EV: 13    Int: 18    God:
Gold:   80         SH:  0    Dex: 13    Spells: 5/8 levels left

rFire    . . .     SeeInvis .   a - +0 dagger
rCold    . . .     Gourm    .   (no shield)
rNeg     . . .     Faith    .   (helmet restricted)
rPois    .         Spirit   .   (no amulet)
rElec    .         Reflect  .   (no ring)
rCorr    .         Harm     .   (no ring)
MR       .....                  (no ring)
Stlth    +++.......             (no ring)
Regen    0.1/turn               (no ring)
MPRegen  0.2/turn               (no ring)
                                (no ring)
                                (no ring)

@: no status effects
A: almost no armour, stealthy swim, amphibious, 8 rings, constrict 8, camouflage
1, gelatinous body 1
a: no special abilities


You were on level 1 of the Dungeon.
You were not hungry.

You visited 1 branch of the dungeon, and saw 2 of its levels.

You collected 80 gold pieces.

Inventory:

Hand Weapons
 a - a +0 dagger (weapon)
Missiles
 e - 76 stones (quivered)
Scrolls
 c - a scroll of fear {unknown}
 d - 2 scrolls of remove curse {unknown}
 g - a scroll of amnesia {unknown}
 k - a scroll of teleportation {unknown}
 l - a scroll of fog {unknown}
 m - a scroll of identify {unknown}
 n - a scroll of magic mapping {unknown}
Potions
 f - a potion of haste {unknown}
 i - a potion of heal wounds {unknown}
Books
 j - a book of Conjurations

   Spells                             Type                      Level
   a - Magic Dart                     Conjuration                  1
   b - Searing Ray                    Conjuration                  2
   c - Dazzling Spray                 Conjuration/Hexes            3
   d - Fulminant Prism                Conjuration/Hexes            4
   e - Force Lance                    Conjuration/Translocation    4
   f - Iskenderun's Mystic Blast      Conjuration                  4
Comestibles
 b - 2 bread rations
 h - 4 chunks of flesh


   Skills:
 - Level 2.0 Dodging
 - Level 2.6 Stealth
 - Level 2.0 Spellcasting
 + Level 6.4 Conjurations


You had 5 spell levels left.
You knew the following spells:

 Your Spells              Type           Power        Failure   Level  Hunger
a - Magic Dart            Conj           ####         1%          1    #......
r - Searing Ray           Conj           ####..       1%          2    ###....


Dungeon Overview and Level Annotations

Branches:
Dungeon (2/15)

Altars:

Annotations:
D:1 exclusion: downstairs
D:2 Robin


Innate Abilities, Weirdness & Mutations

You cannot wear most types of armour.
You are very stealthy in the water. (Stealth+)
You are amphibious.
You can wear up to eight rings at the same time.
You can use your tentacles to constrict eight enemies at once.
Your skin changes colour to match your surroundings (Stealth+).
Your rubbery body absorbs attacks. (AC +1, EV +1)


Message History

There are monsters nearby!
You are too injured to fight recklessly!
The gnoll moves out of view.
The gnoll hits you with a whip!
* * * LOW HITPOINT WARNING * * *
The gnoll hits you with a whip.
* * * LOW HITPOINT WARNING * * *
There is a stone staircase leading up here.
The gnoll hits you with a whip!
* * * LOW HITPOINT WARNING * * *
You climb upwards.
Level annotation: exclusion: downstairs
There is a stone staircase leading down here.
You closely miss the gnoll. You grab the gnoll. You constrict the gnoll.
The gnoll hits you with a whip.
* * * LOW HITPOINT WARNING * * *
You hit the gnoll. You squeeze the gnoll.
The gnoll is heavily wounded.
You constrict the gnoll. The gnoll hits you with a whip!
You die...

#.......#
#.#####.# #.# #.#
#.#####.# #
#.##....# ### #
#.##.##.# ##.####
#.##.##.####...#..
#g#..............#
#@...............#
###..######.#.##.#
#.........#.##..
##..#######.####
##.# ##'## #.#
##...## ###.#
##.....## ##.#.#
##.......#
##....###.........


You could see a gnoll.

Vanquished Creatures
  Jessica (D:2)
  3 adders (D:2)
  4 gnolls (D:2)
  2 dart slugs
  A leopard gecko (D:2)
  A giant cockroach (D:1)
  7 goblins
  11 hobgoblins
  3 jackals (D:1)
  A quokka (D:2)
  A ball python (D:1)
  6 bats
  6 frilled lizards
  6 kobolds
  A rat (D:1)
54 creatures vanquished.

Notes
Turn   | Place    | Note
-------+----------+-------------------------------------------
     0 | D:1      | w00t the Octopode Conjurer began the quest for the Orb.
     0 | D:1      | Reached XP level 1. HP: 11/11 MP: 3/3
   431 | D:1      | Reached XP level 2. HP: 17/17 MP: 3/5
  1319 | D:2      | Noticed Jessica
  1323 | D:2      | Killed Jessica
  1323 | D:2      | Reached skill level 5 in Conjurations
  1323 | D:2      | Reached XP level 3. HP: 21/21 MP: 1/6
  1402 | D:2      | Reached XP level 4. HP: 21/27 MP: 1/7
  2097 | D:2      | Learned a level 2 spell: Searing Ray
  2114 | D:2      | Reached skill level 6 in Conjurations
  2371 | D:2      | Reached XP level 5. HP: 31/31 MP: 4/8
  2373 | D:2      | Noticed Robin
  2800 | D:1      | Mangled by a gnoll

Vault maps used:
D:1:      minmay_arrival_arboretum_small
D:2:      kennysheep_generic_room_16, uniq_jessica, uniq_robin

Skill      XL: |  1  2  3  4 |
---------------+-------------+-----
Conjurations   | 5 6 |  6.4
Dodging        | |  2.0
Stealth        | |  2.6
Spellcasting   | |  2.0

Action                   |  1- 3 |  4- 6 || total
-------------------------+-------+-------++-------
Melee: Unarmed           |     7 |       ||     7
       Constrict         |     2 |     6 ||     8
       Dagger            |       |    17 ||    17
       Tentacles         |       |     5 ||     5
Throw: Stone             |     1 |    10 ||    11
 Cast: Magic Dart        |    46 |    60 ||   106
  Eat: Chunk             |     2 |     5 ||     7
Armor: Skin              |       |    10 ||    10
Dodge: Dodged            |     6 |    54 ||    60
